 Dungeon Crawl Stone Soup version 0.19.0-24-gb05acd6 (console) character file.

7284 Kloppie the Impaler (level 11, -9/130 HPs)
             Began as a Merfolk Berserker on Nov 22, 2016.
             Was a High Priest of Trog.
             Mangled by a cyan ugly thing (12 damage)
             ... on level 11 of the Dungeon.
             The game lasted 00:13:37 (8855 turns).

Kloppie the Impaler (Merfolk Berserker)             Turns: 8855, Time: 00:13:38

Health: -9/130     AC:  8    Str: 22    XL:     11   Next: 12%
Magic:  11/11      EV: 17    Int:  6    God:    Trog [*****.]
Gold:   610        SH:  0    Dex: 18    Spells: 0 memorised, 10 levels left

rFire  . . .     SeeInvis .     a - +1 trident (flame)
rCold  . . .     Gourm    .     K - +2 leather armour {rN+}
rNeg   + . .     Faith    .     (no shield)
rPois  .         Spirit   .     o - +1 helmet
rElec  .         Reflect  .     (no cloak)
rCorr  +         Harm     .     (no gloves)
MR     +....                    v - +0 pair of boots
Stlth  ..........               (no amulet)
                                F - ring of protection from magic
                                n - ring of resist corrosion

@: berserking, very quick
A: change form in water, swift swim, stealthy swim
a: Berserk, Trog's Hand, Brothers in Arms, Burn Spellbooks, Renounce Religion


You were on level 11 of the Dungeon.
You worshipped Trog.
Trog was extremely pleased with you.
You were very hungry.

You visited 1 branch of the dungeon, and saw 11 of its levels.

You collected 610 gold pieces.

Inventory:

Hand Weapons
 a - a +1 trident of flaming (weapon)
Armour
 o - a +1 helmet (worn)
 v - a +0 pair of boots (worn)
 K - a +2 leather armour of positive energy (worn)
Jewellery
 n - a ring of resist corrosion (left hand)
 p - an uncursed ring of stealth
 y - an uncursed ring of stealth
 A - an uncursed ring of flight
 F - a ring of protection from magic (right hand)
 G - an uncursed ring of fire
 H - an uncursed ring of ice
Wands
 g - a wand of enslavement (13/24)
 h - a wand of paralysis (7/24)
 t - a wand of acid (5/15)
 w - a wand of flame (29/48)
 x - a wand of random effects (28/48)
Scrolls
 f - a scroll of fog
 i - 3 scrolls of identify
 r - 3 scrolls of remove curse
 s - a scroll of magic mapping
 J - a scroll of holy word {unknown}
Potions
 d - a potion of invisibility
 e - 3 potions of heal wounds
 q - 2 potions of flight
 u - a potion of berserk rage {unknown}
 z - 3 potions of agility {unknown}
 B - a potion of might {unknown}
 C - 5 potions of curing
 E - a potion of magic {unknown}
 I - a potion of cure mutation {unknown}
Books
 b - a book of Air

   Spells                             Type                      Level
   a - Shock                          Conjuration/Air              1
   b - Swiftness                      Charms/Air                   2
   c - Repel Missiles                 Charms/Air                   2
   d - Static Discharge               Conjuration/Air              3
   e - Lightning Bolt                 Conjuration/Air              5
   Trog disapproves of the use of such an item.
 m - a book of Necromancy

   Spells                             Type                      Level
   a - Pain                           Necromancy                   1
   b - Animate Skeleton               Necromancy                   1
   c - Vampiric Draining              Necromancy                   3
   d - Regeneration                   Charms/Necromancy            3
   e - Animate Dead                   Necromancy                   4
   f - Control Undead                 Necromancy                   4
   Trog disapproves of the use of such an item.
Comestibles
 c - 8 bread rations
 j - 5 fruits
 k - 10 beef jerkies
 D - 2 slices of pizza


   Skills:
 - Level 8.6 Fighting
 * Level 18.3 Polearms
 - Level 3.4 Armour
 + Level 6.8 Dodging


You had 10 spell levels left.
You didn't know any spells.

Dungeon Overview and Level Annotations

Branches:
Dungeon (11/15)            Temple (0/1) D:7            Lair (0/6) D:8
    Orc: D:9-12

Altars:
Ashenzari
Dithmenos
Makhleb
Okawaru
Qazlal
Ru
Sif Muna
Trog
Uskayaw
Vehumet
Xom


Message History

* * * LOW HITPOINT WARNING * * *
You puncture the red ugly thing!
The red ugly thing is heavily wounded.
You impale the red ugly thing!! You burn the red ugly thing.
The red ugly thing is almost dead.
You puncture the red ugly thing! You burn the red ugly thing.
You kill the red ugly thing!
Trog accepts your kill. The cyan ugly thing gores you.
* * * LOW HITPOINT WARNING * * *
The cyan ugly thing shocks you!
* * * LOW HITPOINT WARNING * * *
You completely miss the cyan ugly thing.
All of the chunks of flesh in your inventory have rotted away.
You impale the cyan ugly thing!! You burn the cyan ugly thing!
The cyan ugly thing is heavily wounded.
The cyan ugly thing gores you.
* * * LOW HITPOINT WARNING * * *
The cyan ugly thing shocks you!
You die...

#..u# #.# # .. ###.#.# ##
#..### ....#.....# ..#
#.... .........## #...#
##..# .....#..# ..
..#####... ..## ##.#
.###......... ####.##
##.#...........
#.....######....###.......
#......ou@..(..# #.......
#......####..### #....>..
######.# #.## #....... #..
#.# ####.......
##.###.####..........
#..........####....#
#.....########)..###
....###(.####......# #####
#..........###


You could see a cyan ugly thing and an orc wizard.

Vanquished Creatures
  A hydra (D:11)
  2 ugly things (D:11)
  An elephant (D:7)
  Grinder (D:6)
  A wyvern (D:7)
  A yak (D:8)
  A hungry ghost (D:11)
  2 water moccasins
  Duvessa (D:4)
  A black bear (D:6)
  2 ice beasts
  3 orc warriors
  4 ogres
  2 phantoms
  8 centaurs
  A crocodile (D:7)
  Blork the orc (D:6)
  2 big kobolds (D:7)
  A wyvern zombie (D:8)
  6 bullfrogs
  Dowan (D:4)
  5 scorpions
  6 killer bees
  4 wights (D:7)
  3 howler monkeys
  3 crimson imps
  2 jellies
  6 orc wizards
  3 bullfrog skeletons
  3 centaur skeletons
  An orc priest (D:8)
  2 hounds
  An iguana (D:8)
  4 worker ants
  A killer bee zombie (D:7)
  7 gnolls
  8 adders
  An ooze (D:3)
  An adder skeleton (D:9)
  4 worms
  3 dart slugs
  4 leopard geckos
  23 orcs
  3 ball pythons
  5 bats
  A bat zombie (D:1)
  6 giant cockroaches
  8 goblins
  11 hobgoblins
  4 jackals (D:7)
  5 quokkas
  5 frilled lizards
  A giant cockroach zombie (D:1)
  18 kobolds
  11 rats
216 creatures vanquished.

Vanquished Creatures (others)
  A ball python (D:8)
1 creature vanquished.

Grand Total: 217 creatures vanquished

Notes
Turn   | Place    | Note
-------+----------+-------------------------------------------
     0 | D:1      | Kloppie the Merfolk Berserker began the quest for the Orb.
     0 | D:1      | Reached XP level 1. HP: 18/18 MP: 1/1
   211 | D:1      | Reached skill level 5 in Polearms
   211 | D:1      | Reached XP level 2. HP: 24/24 MP: 2/2
   381 | D:1      | Reached ** piety under Trog
   548 | D:1      | Reached XP level 3. HP: 29/30 MP: 3/3
  1231 | D:2      | Reached skill level 6 in Polearms
  1347 | D:2      | Reached XP level 4. HP: 37/37 MP: 4/4
  1739 | D:3      | Reached skill level 7 in Polearms
  1739 | D:3      | Reached XP level 5. HP: 39/43 MP: 5/5
  1856 | D:3      | Found a stormy altar of Qazlal.
  1859 | D:3      | Noticed an air elemental
  1860 | D:3      | Noticed a water elemental
  1860 | D:3      | Noticed a fire elemental
  1940 | D:3      | Reached *** piety under Trog
  2217 | D:4      | Reached skill level 5 in Fighting
  2217 | D:4      | Reached skill level 8 in Polearms
  2217 | D:4      | Reached XP level 6. HP: 51/51 MP: 6/6
  2302 | D:4      | Noticed a phantom
  2353 | D:4      | Killed a phantom
  2377 | D:4      | Reached skill level 9 in Polearms
  2398 | D:4      | Noticed Duvessa
  2399 | D:4      | Noticed Dowan
  2405 | D:4      | Killed Duvessa
  2405 | D:4      | Reached XP level 7. HP: 57/57 MP: 7/7
  2414 | D:4      | Killed Dowan
  2814 | D:4      | Reached skill level 10 in Polearms
  2950 | D:4      | Found a shadowy altar of Dithmenos.
  2956 | D:4      | Found a shimmering altar of Xom.
  2961 | D:4      | Found a hide-covered altar of Uskayaw.
  3294 | D:5      | Entered Level 5 of the Dungeon
  3398 | D:5      | Found a bloodstained altar of Trog.
  3483 | D:5      | Reached XP level 8. HP: 44/65 MP: 8/8
  3490 | D:5      | Reached skill level 11 in Polearms
  3800 | D:6      | Noticed Blork the orc
  3819 | D:6      | Killed Blork the orc
  3833 | D:6      | Reached **** piety under Trog
  4109 | D:6      | Reached skill level 12 in Polearms
  4266 | D:6      | Noticed Grinder
  4288 | D:6      | Killed Grinder
  4337 | D:6      | Reached skill level 13 in Polearms
  4397 | D:6      | Reached XP level 9. HP: 70/72 MP: 9/9
  4424 | D:6      | Received a gift from Trog
  4990 | D:7      | Found an iron altar of Okawaru.
  5175 | D:7      | Reached skill level 14 in Polearms
  5471 | D:7      | Found a staircase to the Ecumenical Temple.
  5793 | D:7      | Found a shattered altar of Ashenzari.
  5891 | D:8      | Found a burning altar of Makhleb.
  5969 | D:8      | Found a staircase to the Lair.
  5969 | D:8      | Noticed an elephant
  6203 | D:7      | Reached skill level 15 in Polearms
  6280 | D:7      | Killed an elephant
  6283 | D:7      | Reached XP level 10. HP: 78/80 MP: 10/10
  6661 | D:8      | Got a bloodstained ring mail
  6800 | D:8      | Identified the cursed +1 ring mail of Isofodar {+Inv} (You took it off an orc priest on level 8 of the Dungeon)
  6946 | D:8      | Reached skill level 16 in Polearms
  7066 | D:8      | Found a radiant altar of Vehumet.
  7540 | D:9      | Found a sacrificial altar of Ru.
  7817 | D:9      | Found a deep blue altar of Sif Muna.
  7847 | D:10     | Entered Level 10 of the Dungeon
  8494 | D:11     | Noticed a six-headed hydra
  8501 | D:11     | Killed a six-headed hydra
  8501 | D:11     | Reached skill level 17 in Polearms
  8578 | D:11     | Reached skill level 5 in Dodging
  8710 | D:11     | Noticed a purple ugly thing
  8718 | D:11     | Killed a purple ugly thing
  8787 | D:11     | Reached skill level 18 in Polearms
  8787 | D:11     | Reached XP level 11. HP: 67/87 MP: 11/11
  8814 | D:11     | Reached ***** piety under Trog
  8823 | D:11     | Noticed a red ugly thing
  8832 | D:11     | Noticed a cyan ugly thing
  8852 | D:11     | Killed a red ugly thing
  8853 | D:11     | HP: 6/130 [cyan ugly thing (13)]
  8855 | D:11     | Mangled by a cyan ugly thing

Skill      XL: |  1  2  3  4  5  6  7  8  9 10 |
---------------+-------------------------------+-----
Polearms       | 5 6 7 8 9 10 13 15 18 | 18.3
Fighting       | 4 5 6 7 8 |  8.6
Armour         | 2 3 |  3.4
Dodging        | 6 |  6.8

Action                   |  1- 3 |  4- 6 |  7- 9 | 10-12 || total
-------------------------+-------+-------+-------+-------++-------
Melee: Spear             |   158 |    80 |       |       ||   238
       Tailslap          |     3 |       |       |       ||     3
       Trident           |       |    98 |   437 |   259 ||   794
Invok: Berserk           |     1 |     3 |     6 |     4 ||    14
       Trog's Hand       |       |     3 |     4 |     1 ||     8
  Use: Scroll            |       |       |    16 |     3 ||    19
 Stab: Sleeping          |     5 |       |     4 |     3 ||    12
  Eat: Chunk             |     2 |     6 |    12 |     7 ||    27
       Meat ration       |       |       |     2 |       ||     2
       Bread ration      |       |       |       |     1 ||     1
Armor: Animal skin       |    17 |    12 |       |       ||    29
       Robe              |       |    15 |    29 |       ||    44
       Leather armour    |       |       |    34 |    49 ||    83
Dodge: Dodged            |    51 |    89 |   168 |   104 ||   412
